BSA
AUSTIN RIVER SHARKS @ KANSAS CITY KINGS
07/18/2030
 
TOP OF THE 1ST
Austin River Sharks batting - Pitching for Kansas City Kings : LHP Osvaldo Cruz
Pitching: LHP Osvaldo Cruz
Batting: RHB Tom Rowe 0-0: Ball
1-0: Ground out 6-3 (Groundball, 6)
Batting: RHB Richard Coker 0-0: Called Strike
0-1: SINGLE (Groundball, 34D)
Batting: RHB Edward Young 0-0: Swinging Strike
0-1: Ball
1-1: Called Strike
1-2: Grounds into double play, 5-4-3 (Groundball, 56)
Top of the 1st over - 0 runs, 1 hit, 0 errors, 0 left on base; Austin 0 - Kansas City 0
BOTTOM OF THE 1ST
Kansas City Kings batting - Pitching for Austin River Sharks : RHP José Pérez
Pitching: RHP José Pérez
Batting: RHB Chris Chandler 0-0: Ground out 4-3 (Groundball, 4)
Batting: RHB Oliver Lugo 0-0: Called Strike
0-1: Fly out, F7 (Flyball, 7D)
Batting: RHB Dave Parker 0-0: SINGLE (Flyball, 78S)
Batting: SHB Douglas Taylor 0-0: Fielders Choice at 2nd, 6-4 (Groundball, 6)
Bottom of the 1st over - 0 runs, 1 hit, 0 errors, 1 left on base; Austin 0 - Kansas City 0
TOP OF THE 2ND
Austin River Sharks batting - Pitching for Kansas City Kings : LHP Osvaldo Cruz
Batting: RHB Jesús Hernández 0-0: Called Strike
0-1: Ball
1-1: Foul Ball, location: 2F
1-2: Ball
2-2: Fly out, F9 (Flyball, 89S)
Batting: RHB Andy Aiton 0-0: Ball
1-0: Ball
2-0: Ball
3-0: Base on Balls
Batting: RHB Jack Bailey 0-0: Ball
1-0: Called Strike
1-1: Grounds into double play, 5-4-3 (Groundball, 56)
Top of the 2nd over - 0 runs, 0 hits, 0 errors, 0 left on base; Austin 0 - Kansas City 0
BOTTOM OF THE 2ND
Kansas City Kings batting - Pitching for Austin River Sharks : RHP José Pérez
Batting: RHB Toshimichi Kono 0-0: Ball
1-0: Swinging Strike
1-1: Foul Ball, location: 2F
1-2: Ground out 5-3 (Groundball, 56)
Batting: RHB Rafael Carreón 0-0: Called Strike
0-1: Ball
1-1: Swinging Strike
1-2: Ground out 1-3 (Groundball, 15S)
Batting: LHB Ron Crawford 0-0: Ball
1-0: Ball
2-0: DOUBLE (Groundball, 3L)
Batting: RHB Eduardo García 0-0: Ball
1-0: Ball
2-0: Called Strike
2-1: Ball
3-1: Base on Balls
Batting: SHB Álex Hernández 0-0: Foul Ball, location: 2F
0-1: Ball
1-1: Foul Ball, location: 2F
1-2: Foul Ball, location: 2F
1-2: Ground out 4-3 (Groundball, 34)
Bottom of the 2nd over - 0 runs, 1 hit, 0 errors, 2 left on base; Austin 0 - Kansas City 0
TOP OF THE 3RD
Austin River Sharks batting - Pitching for Kansas City Kings : LHP Osvaldo Cruz
Batting: LHB Enrico Vargas 0-0: Called Strike
0-1: Foul Ball, location: 2F
0-2: Ball
1-2: Ball
2-2: Ball
3-2: Foul Ball, location: 2F
3-2: DOUBLE (Line Drive, 9LS)
Batting: LHB José Liñares 0-0: Fly out, F8 (Flyball, 8RS)
Batting: LHB Dave Watt 0-0: Ball
1-0: Reached on error, E3 (Groundball, 3)
Enrico Vargas to third
Batting: RHB Tom Rowe 0-0: Ball
Dave Watt steals 2nd base
1-0: Ball
2-0: Fly out, F8 (Flyball, 8LS)
Runner from 3rd tags up, SCORES, no throw
Batting: RHB Richard Coker 0-0: Ball
1-0: Ball
2-0: DOUBLE (Line Drive, 7LD)
Dave Watt scores
Batting: RHB Edward Young 0-0: Foul Ball, location: 2F
0-1: 2-RUN HOME RUN (Flyball, 7LD), Distance : 347 ft
Batting: RHB Jesús Hernández 0-0: Ball
1-0: SINGLE (Line Drive, 34D)
Batting: RHB Andy Aiton 0-0: Fielders Choice at 2nd, 5-4 (Groundball, 56)
Top of the 3rd over - 4 runs, 4 hits, 1 error, 1 left on base; Austin 4 - Kansas City 0
BOTTOM OF THE 3RD
Kansas City Kings batting - Pitching for Austin River Sharks : RHP José Pérez
Batting: RHB Chris Chandler 0-0: Fly out, F7 (Flyball, 7D)
Batting: RHB Oliver Lugo 0-0: Ball
1-0: Ball
2-0: SOLO HOME RUN (Flyball, 7D), Distance : 377 ft
Batting: RHB Dave Parker 0-0: Ball
1-0: Ball
2-0: Swinging Strike
2-1: SINGLE (Groundball, 34) (infield hit)
Batting: SHB Douglas Taylor 0-0: Ball
1-0: Called Strike
1-1: Ball
2-1: Ball
3-1: Grounds into double play, 6-4-3 (Groundball, 6)
Bottom of the 3rd over - 1 run, 2 hits, 0 errors, 0 left on base; Austin 4 - Kansas City 1
TOP OF THE 4TH
Austin River Sharks batting - Pitching for Kansas City Kings : LHP Osvaldo Cruz
Batting: RHB Jack Bailey 0-0: Called Strike
0-1: Foul Ball, location: 2F
0-2: Ball
1-2: Ground out 6-3 (Groundball, 6)
Batting: LHB Enrico Vargas 0-0: Swinging Strike
0-1: Fly out, F8 (Flyball, 8LD)
Batting: LHB José Liñares 0-0: Called Strike
0-1: Ground out 5-3 (Groundball, 56)
Top of the 4th over - 0 runs, 0 hits, 0 errors, 0 left on base; Austin 4 - Kansas City 1
BOTTOM OF THE 4TH
Kansas City Kings batting - Pitching for Austin River Sharks : RHP José Pérez
Batting: RHB Toshimichi Kono 0-0: Foul Ball, location: 2F
0-1: Fly out, F3 (Popup, 3SF)
Batting: RHB Rafael Carreón 0-0: Ball
1-0: Ball
2-0: Foul Ball, location: 2F
2-1: Ball
3-1: Foul Ball, location: 2F
3-2: Base on Balls
Batting: LHB Ron Crawford 0-0: Ball
1-0: DOUBLE (Line Drive, 5D)
Rafael Carreón to third
Batting: RHB Eduardo García 0-0: Ball
1-0: Called Strike
1-1: Foul Ball, location: 2F
1-2: Ball
2-2: Ball
3-2: Ground out U3 (Groundball, 3)
Batting: SHB Álex Hernández 0-0: Called Strike
0-1: Ball
1-1: Ball
2-1: Ground out 6-3 (Groundball, 56)
Bottom of the 4th over - 0 runs, 1 hit, 0 errors, 2 left on base; Austin 4 - Kansas City 1
TOP OF THE 5TH
Austin River Sharks batting - Pitching for Kansas City Kings : LHP Osvaldo Cruz
Batting: LHB Dave Watt 0-0: Swinging Strike
0-1: Called Strike
0-2: Foul Ball, location: 2F
0-2: Strikes out looking
Batting: RHB Tom Rowe 0-0: Ground out 5-3 (Groundball, 56)
Batting: RHB Richard Coker 0-0: Called Strike
0-1: Foul Ball, location: 2F
0-2: Ball
1-2: Foul Ball, location: 2F
1-2: DOUBLE (Line Drive, 89M)
Batting: RHB Edward Young 0-0: Ball
1-0: Ball
2-0: Ball
3-0: Called Strike
3-1: Hit by Pitch
Batting: RHB Jesús Hernández 0-0: Ball
1-0: SINGLE (Groundball, 6MD)
Richard Coker to third
Edward Young to second
Runner from 3rd tries for Home, SAFE, no throw
Pitching: LHP Enrique Muñóz
Batting: RHB Andy Aiton 0-0: Ball
1-0: Ground out 4-3 (Groundball, 4M)
Top of the 5th over - 1 run, 2 hits, 0 errors, 2 left on base; Austin 5 - Kansas City 1
BOTTOM OF THE 5TH
Kansas City Kings batting - Pitching for Austin River Sharks : RHP José Pérez
Batting: RHB Chris Chandler 0-0: Called Strike
0-1: Ball
1-1: Ball
2-1: Called Strike
2-2: Hit by Pitch
Batting: RHB Oliver Lugo 0-0: Called Strike
0-1: Foul Ball, location: 2F
0-2: Strikes out swinging
Batting: RHB Dave Parker 0-0: Called Strike
0-1: Ball
1-1: SINGLE (Groundball, 34S) (infield hit)
Chris Chandler to second
Batting: SHB Douglas Taylor 0-0: Ball
Chris Chandler steals 3rd base
Dave Parker to second
1-0: Ball
2-0: Ball
3-0: Base on Balls
Batting: RHB Toshimichi Kono 0-0: Called Strike
0-1: Foul Ball, location: 2F
0-2: Fly out, F7 (Flyball, 7)
Runner from 3rd tags up, SCORES, throw made
Batting: RHB Rafael Carreón 0-0: Ball
1-0: SINGLE (Groundball, 6MD)
Dave Parker to third
Douglas Taylor to second
Runner from 3rd tries for Home, SAFE, no throw
Batting: LHB Ron Crawford 0-0: Ball
1-0: Ball
2-0: Called Strike
2-1: Swinging Strike
2-2: Strikes out swinging
Bottom of the 5th over - 2 runs, 2 hits, 0 errors, 2 left on base; Austin 5 - Kansas City 3
TOP OF THE 6TH
Austin River Sharks batting - Pitching for Kansas City Kings : LHP Enrique Muñóz
Batting: RHB Jack Bailey 0-0: Ball
1-0: Called Strike
1-1: Ball
2-1: Ball
3-1: Swinging Strike
3-2: Fly out, F7 (Flyball, 78XD)
Batting: LHB Enrico Vargas 0-0: Ball
1-0: Fly out, F9 (Line Drive, 9LD)
Batting: LHB José Liñares 0-0: Ball
1-0: Swinging Strike
1-1: Ground out U3 (Groundball, 3L)
Top of the 6th over - 0 runs, 0 hits, 0 errors, 0 left on base; Austin 5 - Kansas City 3
BOTTOM OF THE 6TH
Kansas City Kings batting - Pitching for Austin River Sharks : RHP José Pérez
Batting: RHB Eduardo García 0-0: Fly out, F5 (Line Drive, 5S)
Batting: SHB Álex Hernández 0-0: Ground out 5-3 (Groundball, 56)
Batting: RHB Chris Chandler 0-0: Ball
1-0: Ground out 6-3 (Groundball, 6S)
Bottom of the 6th over - 0 runs, 0 hits, 0 errors, 0 left on base; Austin 5 - Kansas City 3
TOP OF THE 7TH
Austin River Sharks batting - Pitching for Kansas City Kings : LHP Enrique Muñóz
Batting: LHB Dave Watt 0-0: Fly out, F9 (Flyball, 9S)
Batting: RHB Tom Rowe 0-0: Ball
1-0: Swinging Strike
1-1: Swinging Strike
1-2: Strikes out swinging
Batting: RHB Richard Coker 0-0: Called Strike
0-1: Ball
1-1: Ball
2-1: Ball
3-1: Swinging Strike
3-2: Base on Balls
Batting: RHB Edward Young Pickoff Throw to First - Out!
Top of the 7th over - 0 runs, 0 hits, 0 errors, 0 left on base; Austin 5 - Kansas City 3
BOTTOM OF THE 7TH
Kansas City Kings batting - Pitching for Austin River Sharks : RHP José Pérez
Batting: RHB Oliver Lugo 0-0: Ball
1-0: Ground out 6-3 (Groundball, 6)
Batting: RHB Dave Parker 0-0: Ball
1-0: Fly out, F9 (Flyball, 9)
Batting: SHB Douglas Taylor 0-0: Called Strike
0-1: Ball
1-1: Ball
2-1: Ball
3-1: Base on Balls
Batting: RHB Toshimichi Kono 0-0: Ball
1-0: Ball
2-0: Called Strike
2-1: Ball
3-1: DOUBLE (Line Drive, 89D)
Douglas Taylor to third
Runner from 3rd tries for Home, SAFE, no throw
Batting: RHB Rafael Carreón 0-0: Ball
1-0: Ground out 4-3 (Groundball, 4S)
Bottom of the 7th over - 1 run, 1 hit, 0 errors, 1 left on base; Austin 5 - Kansas City 4
TOP OF THE 8TH
Austin River Sharks batting - Pitching for Kansas City Kings : LHP Enrique Muñóz
Batting: RHB Edward Young 0-0: Swinging Strike
0-1: Foul Ball, location: 2F
0-2: Fly out, F6 (Popup, 6)
Batting: RHB Jesús Hernández 0-0: Ball
1-0: Foul Ball, location: 2F
1-1: Swinging Strike
1-2: Foul Ball, location: 2F
1-2: Ball
2-2: Ball
3-2: SINGLE (Groundball, 6D)
Pitching: RHP Alberto Bonilla
Pinch Hitting: LHB Fred Abrams 0-0: Foul Ball, location: 2F
0-1: Foul Ball, location: 2F
0-2: Ball
1-2: Ball
2-2: Fielders Choice at 2nd, 3-6 (Groundball, 3)
Batting: RHB Jack Bailey 0-0: Fielders Choice at 2nd, 6-4 (Groundball, 6)
Top of the 8th over - 0 runs, 1 hit, 0 errors, 1 left on base; Austin 5 - Kansas City 4
BOTTOM OF THE 8TH
Kansas City Kings batting - Pitching for Austin River Sharks : RHP José Pérez
Pitching: RHP Jorge Delgado
Now at 2B: Freddy Herrera
Batting: LHB Ron Crawford 0-0: Called Strike
0-1: Ball
1-1: Ball
2-1: Ball
3-1: Ground out 5-3 (Groundball, 56)
Batting: RHB Eduardo García 0-0: Called Strike
0-1: Ball
1-1: Ball
2-1: Ground out 4-3 (Groundball, 34S)
Batting: SHB Álex Hernández 0-0: Ball
1-0: Ball
2-0: Swinging Strike
2-1: Fly out, F9 (Line Drive, 89D)
Bottom of the 8th over - 0 runs, 0 hits, 0 errors, 0 left on base; Austin 5 - Kansas City 4
TOP OF THE 9TH
Austin River Sharks batting - Pitching for Kansas City Kings : RHP Alberto Bonilla
Pitching: RHP Nick Parks
Batting: LHB Enrico Vargas 0-0: Ball
1-0: Ground out 4-3 (Groundball, 4)
Batting: LHB José Liñares 0-0: Swinging Strike
0-1: Foul Ball, location: 2F
0-2: Ball
1-2: SINGLE (Line Drive, 78S)
Batting: LHB Dave Watt 0-0: Ball
1-0: Foul Ball, location: 2F
1-1: Ball
2-1: Foul Ball, location: 2F
2-2: Ball
3-2: Strikes out swinging
Batting: RHB Tom Rowe 0-0: Called Strike
0-1: Hit by Pitch
José Liñares to second
Batting: RHB Richard Coker 0-0: Called Strike
0-1: Foul Ball, location: 2F
0-2: Fly out, F9 (Line Drive, 9)
Top of the 9th over - 0 runs, 1 hit, 0 errors, 2 left on base; Austin 5 - Kansas City 4
BOTTOM OF THE 9TH
Kansas City Kings batting - Pitching for Austin River Sharks : RHP Jorge Delgado
Pitching: RHP Paco Gutiérrez
Batting: RHB Chris Chandler 0-0: Ball
1-0: Ball
2-0: Called Strike
2-1: Called Strike
2-2: Strikes out swinging
Batting: RHB Oliver Lugo 0-0: Ball
1-0: SINGLE (Groundball, 56)
Batting: RHB Dave Parker 0-0: Ball
1-0: Ball
2-0: Called Strike
2-1: 2-RUN HOME RUN (Line Drive, 7D), Distance : 386 ft
Saturday, April 7th, 2018 - OOTP Baseball 18.8 Build 76